 Dungeon Crawl Stone Soup version 0.25.1-2-g60ff931df9 (webtiles) character file.

Game seed: 9071008309688033882

31013 sankara the Thaumaturge (level 13, -4/107 HPs)
             Began as a Yellow Draconian Fire Elementalist on Sept 10, 2020.
             Was a High Priest of Vehumet.
             Slain by a sun demon (5 damage)
             ... in a volcano on Sept 11, 2020.
             The game lasted 01:35:41 (20399 turns).

sankara the Thaumaturge (DrFE)                     Turns: 20399, Time: 01:35:42

Health: -4/107     AC: 14    Str: 12    XL:     13   Next: 23%
Magic:  0/26       EV: 16    Int: 25    God:    Vehumet [*****.]
Gold:   805        SH:  5    Dex: 12    Spells: 2/30 levels left

rFire    + . .     SeeInvis .   a - staff of energy
rCold    x . .     Gourm    .   m - +0 buckler
rNeg     . . .     Faith    .   (armour unavailable)
rPois    .         Spirit   .   x - +0 hat {MR+}
rElec    .         Reflect  .   f - +1 cloak
rCorr    +         Harm     .   L - +2 pair of gloves
MR       +....                  W - +0 pair of boots
Stlth    ++++......             S - amulet of the acrobat
HPRegen  0.27/turn              r - +6 ring of intelligence
MPRegen  0.20/turn              U - ring of fire

@: no status effects
A: spit acid, unfitting armour, cold-blooded, acid resistance, AC +8
a: Breathe Acid, Renounce Religion


You were in a volcano.
You worshipped Vehumet.
Vehumet was extremely pleased with you.
You were not hungry.

You visited 3 branches of the dungeon, and saw 15 of its levels.
You also visited: Sewer, Bailey and Volcano.

You collected 875 gold pieces.
You spent 70 gold pieces at shops.

Inventory:

Hand Weapons
 b - a +2 dagger of flaming
Missiles
 d - 55 poisoned darts (quivered)
 k - 558 stones
 n - 50 sling bullets
 u - 6 javelins
 v - 2 throwing nets
 y - 11 curare-tipped darts
 C - 19 boomerangs
 E - 3 boomerangs of dispersal
Armour
 f - a +1 cloak (worn)
 m - a +0 buckler (worn)
 x - a +0 hat of magic resistance (worn)
 L - a +2 pair of gloves (worn)
 O - a scarf of invisibility
 W - a +0 pair of boots (worn)
Magical Staves
 a - an uncursed staff of energy (weapon)
Jewellery
 r - a +6 ring of intelligence (left hand)
 S - an amulet of the acrobat (around neck)
 U - a ring of fire (right hand)
 X - an uncursed ring of positive energy
Wands
 l - a wand of clouds (6)
 K - a wand of flame (56)
 R - a wand of paralysis (8)
 V - a wand of enslavement (10)
Scrolls
 e - a scroll of enchant weapon
 j - 9 scrolls of remove curse
 t - 7 scrolls of teleportation
 w - 2 scrolls of fear
 z - 2 scrolls of blinking
 F - 3 scrolls of fog
Potions
 c - 3 potions of might
 h - 6 potions of curing
 o - 2 potions of berserk rage
 p - a potion of brilliance
 s - a potion of heal wounds
 A - 2 potions of mutation
 D - a potion of resistance
 G - 2 potions of magic {unknown}
 H - a potion of cancellation {unknown}
 I - 3 potions of haste
 J - 5 potions of flight {unknown}
 Q - 2 potions of stabbing {unknown}
 Z - 2 potions of ambrosia {unknown}
Miscellaneous
 B - a phantom mirror
Comestibles
 g - a chunk of flesh
 q - 39 rations


   Skills:
 + Level 7.7 Fighting
 - Level 3.0 Short Blades
 + Level 8.6 Dodging
 - Level 9.0 Stealth
 - Level 4.0 Shields
 - Level 9.0 Spellcasting
 - Level 9.0 Conjurations
 - Level 3.0 Translocations
 - Level 9.0 Fire Magic
 * Level 1.6 Air Magic
 + Level 6.4 Evocations


You had 2 spell levels left.
You knew the following spells:

 Your Spells              Type           Power        Failure   Level  Hunger
a - Foxfire               Conj/Fire      ####         1%          1    None
b - Blink                 Tloc           N/A          2%          2    None
c - Sticky Flame          Conj/Fire      ######..     1%          4    None
d - Sandblast             Erth           ##....       1%          1    None
e - Fireball              Conj/Fire      ######....   1%          5    None
f - Conjure Flame         Conj/Fire      ######..     1%          3    None
g - Iskenderun's Mystic   Conj/Tloc      #####...     1%          4    None
h - Mephitic Cloud        Conj/Pois/Air  ####....     1%          3    None
i - Lightning Bolt        Conj/Air       #####.....   4%          5    None

Your spell library contained the following spells:

 Spells                   Type           Power        Failure   Level  Hunger
 Conjure Ball Lightning   Conj/Air       #####.....   24%         6    None
 Magic Dart               Conj           ####         1%          1    None
 Shock                    Conj/Air       ####         1%          1    None
 Swiftness                Chrm/Air       ###.....     6%          2    None
 Call Imp                 Summ           ##......     9%          2    None
 Slow                     Hex            ##......     9%          2    None
 Inner Flame              Hex/Fire       ######..     1%          3    None
 Static Discharge         Conj/Air       #####...     1%          3    None
 Airstrike                Air            ###.......   8%          4    None


Dungeon Overview and Level Annotations

Branches:
Dungeon (9/15)             Temple (1/1) D:6            Lair (5/6) D:8
 Shoals (0/4) Lair:4        Snake (0/4) Lair:2        Sewer (visited)
 Bailey (visited)         Volcano (1/1)
  Slime: Lair:5-6       Orc: D:9-12

Altars:
Ashenzari
Cheibriados
Dithmenos
Elyvilon
Fedhas
Hepliaklqana
Kikubaaqudgha
Makhleb
Nemelex Xobeh
Okawaru
Qazlal
Ru
Sif Muna
Trog
Uskayaw
Vehumet
Wu Jian
Xom
Yredelemnul
Zin
The Shining One

Shops:
D:5 }%![%   D:6 %

Annotations:
D:6 2 transporters, ma3's ghost, novice DEFE Volcano exclusion: obsidian statue


Innate Abilities, Weirdness & Mutations

You can spit globs of acid.
Your golden yellow scales are hard. (AC +8)
You cannot fit into any form of body armour.
You are cold-blooded and may be slowed by cold attacks.
You are resistant to acid. (rCorr)


Message History

You hear a mighty clap of thunder!
The bolt of lightning misses the sun demon.
The bolt of lightning misses the hell hound.
The sun demon misses you.
Unknown command.
Casting: Lightning Bolt (dangerous; 4% risk of failure)
Confirm with . or Enter, or press ? or * to list all spells.
Aiming: Lightning Bolt (dangerous; 4% risk of failure)
Press: ? - help, Shift-Dir - straight line, f/p - hell hound
Aim: a hell hound (severely wounded)
You hear a mighty clap of thunder!
The bolt of lightning hits the sun demon.
The sun demon resists.
The sun demon is lightly wounded.
The bolt of lightning hits the hell hound.
The hell hound is severely wounded.
The sun demon hits you!!
* * * LOW HITPOINT WARNING * * *
You are engulfed in flames.
You resist.
You die...

#☼#○#≈#☼#○#
#☼#○#≈#☼#○#
#☼#○#○#○#°###
#☼☼○.○○3○3#8#
#.#☼#☼#☼#○#..#
#.#○#°#≈#☼##.#
4.#○#°#≈#☼##.#
.8##########..# ###
#.)@3h...##
#'######## #.#
#...###
##.#####....#
#8.8##.§§...##
##....#..≈≈...##
#........≈§§...#
#..§....≈≈≈≈..§##
##......≈≈§§≈≈≈..###


You could see a sun demon and a hell hound.

Vanquished Creatures
  2 entropy weavers (Lair:3)
  4 hydras
  A two-headed ogre (D:8)
  A queen ant (Lair:4)
  5 death yaks (Lair:3)
  Pikel (D:4)
  An orc knight (Bailey)
  A manticore (Lair:4)
  2 orc sorcerers (Bailey)
  3 black mambas
  4 spiny frogs
  Maggie (D:6)
  3 komodo dragons
  A polar bear (Lair:4)
  A queen bee (Lair:1)
  8 dream sheep
  A hornet (D:8)
  8 blink frogs
  4 hippogriffs
  3 yaks (D:8)
  3 basilisks
  6 fire bats (Volcano)
  10 soldier ants
  11 water moccasins
  Duvessa (D:4)
  A hornet zombie (D:5)
  6 porcupines
  2 ice beasts
  12 orc warriors
  A slave (D:4)
  A black bear (Lair:2)
  A necrophage (D:7)
  2 phantoms
  An ogre (D:5)
  8 wolves (Lair:2)
  2 centaurs
  4 crocodiles
  4 big kobolds (D:8)
  7 bullfrogs
  Dowan (D:4)
  A scorpion (D:9)
  27 killer bees
  A wight (D:9)
  8 electric eels
  3 crimson imps
  5 lava snakes (Volcano)
  2 jellies
  A centaur zombie (D:7)
  6 hounds
  7 orc priests
  2 centaur skeletons
  6 orc wizards
  A bullfrog skeleton (D:5)
  Crazy Yiuf (D:4)
  Ijyb (D:3)
  6 iguanas
  24 worker ants
  A hound zombie (D:8)
  A hound skeleton (D:5)
  A howler monkey zombie (D:7)
  2 worker ant zombies
  A howler monkey skeleton (D:4)
  16 adders
  11 gnolls
  A river rat (D:5)
  An ooze (D:1)
  4 worms
  5 dart slugs
  10 leopard geckos
  36 orcs
  7 giant cockroaches
  15 goblins
  18 hobgoblins
  10 jackals
  3 quokkas
  4 ball pythons (Lair:2)
  A ball python skeleton (D:5)
  17 bats
  7 frilled lizards
  8 kobolds
  A leopard gecko skeleton (D:7)
  7 rats
  4 fungi
  A plant (D:8)
434 creatures vanquished.

Vanquished Creatures (collateral kills)
  A hell knight (Volcano)
1 creature vanquished.

Vanquished Creatures (others)
  A swamp drake (D:6)
  An iguana (D:4)
  2 gnolls (D:6)
  A howler monkey skeleton (D:4)
  A worm (D:4)
  899 foxfires
  10 fungi
  8 plants
923 creatures vanquished.

Grand Total: 1358 creatures vanquished

Notes
Turn   | Place    | Note
-------+----------+-------------------------------------------
     0 | D:1      | sankara the Draconian Fire Elementalist began the quest for
                  | the Orb.
     0 | D:1      | Reached XP level 1. HP: 14/14 MP: 3/3
   183 | D:1      | Reached XP level 2. HP: 20/20 MP: 0/5
   653 | D:1      | Reached XP level 3. HP: 20/26 MP: 2/6
  1203 | D:1      | Learned a level 3 spell: Conjure Flame
  1475 | D:2      | Found a faded altar of an unknown god.
  1478 | D:2      | Reached XP level 4. HP: 33/33 MP: 5/7
  1720 | D:2      | Reached skill level 1 in Short Blades
  2004 | D:2      | Found an ornate altar of the Wu Jian Council.
  2005 | D:2      | Found a radiant altar of Vehumet.
  2098 | D:2      | Found a bloodstained altar of Trog.
  2100 | D:2      | Found a hazy altar of Hepliaklqana.
  2350 | D:2      | Became a worshipper of Vehumet
  2795 | D:2      | Reached XP level 5. HP: 38/38 MP: 6/8
  2950 | D:3      | Learned a level 4 spell: Sticky Flame
  2958 | D:3      | Found a basalt altar of Yredelemnul.
  3030 | D:3      | Reached skill level 1 in Shields
  3309 | D:3      | Reached * piety under Vehumet
  3309 | D:3      | Offered knowledge of Sandblast by Vehumet.
  3312 | D:3      | Learned a level 1 spell: Sandblast
  3417 | D:3      | You fall into a shaft and drop 1 floor!
  3482 | D:4      | Found a runed translucent door.
  3506 | D:4      | Noticed Dowan
  3554 | D:4      | Killed Dowan
  3554 | D:4      | Reached XP level 6. HP: 45/45 MP: 1/10
  3556 | D:4      | Noticed Duvessa
  3579 | D:4      | Killed Duvessa
  3807 | D:4      | Noticed a slave
  3825 | D:4      | Killed a slave
  3827 | D:4      | Noticed a slave
  3831 | D:4      | Noticed a slave
  3851 | D:4      | Noticed Pikel
  3854 | D:4      | Noticed a slave
  3890 | D:4      | Killed Pikel
  3890 | D:4      | Reached skill level 5 in Fire Magic
  3890 | D:4      | Your scales start taking on a golden yellow colour.
  3890 | D:4      | Reached XP level 7. HP: 14/50 MP: 10/12
  3890 | D:4      | Gained mutation: You are resistant to acid. (rCorr) [Yellow
                  | Draconian growth]
  4569 | D:4      | Reached XP level 8. HP: 55/57 MP: 13/13
  4884 | D:3      | Noticed Ijyb
  4897 | D:3      | Killed Ijyb
  5000 | D:3      | Reached ** piety under Vehumet
  5063 | D:3      | Offered knowledge of Magic Dart by Vehumet.
  5478 | D:4      | Noticed Crazy Yiuf
  5488 | D:4      | Killed Crazy Yiuf
  5552 | D:5      | Entered Level 5 of the Dungeon
  5654 | D:5      | Found a burning altar of Makhleb.
  5926 | D:5      | Reached skill level 1 in Fighting
  5926 | D:5      | Reached skill level 5 in Conjurations
  5979 | D:5      | Found Hajyr's Distillery.
  5983 | D:5      | Found Laulezadgh's Food Emporium.
  5983 | D:5      | Found Inlop's Gadget Emporium.
  5987 | D:5      | Found Najid's Armour Emporium.
  6163 | D:5      | Offered knowledge of Searing Ray by Vehumet.
  6178 | D:5      | Found a glowing drain.
  6182 | Sewer    | Entered a sewer
  6247 | Sewer    | Reached *** piety under Vehumet
  6275 | Sewer    | Learned a level 5 spell: Fireball
  6605 | D:5      | Reached XP level 9. HP: 67/67 MP: 15/15
  6790 | D:5      | Found Siebon's Food Emporium.
  6895 | D:5      | Bought a potion of heal wounds for 70 gold pieces
  6941 | D:6      | Learned a level 2 spell: Blink
  7036 | D:6      | Found a staircase to the Ecumenical Temple.
  7054 | Temple   | Entered the Ecumenical Temple
  7159 | D:6      | Offered knowledge of Olgreb's Toxic Radiance by Vehumet.
  7190 | D:6      | Noticed Maggie
  7209 | D:6      | Killed Maggie
  7578 | D:6      | Found a transporter.
  7587 | D:6      | Identified the +10 spear "Hacidoemn" {vamp, rC- Str+8 Dex+4
                  | Stlth-}
  7591 | D:6      | Noticed ma3's ghost (novice DEFE)
  7642 | D:6      | Found a transporter.
  7728 | D:6      | Found Qaqu's Food Shoppe.
  8111 | D:7      | Reached skill level 5 in Spellcasting
  8493 | D:7      | Reached skill level 5 in Stealth
  8549 | D:7      | Found a hide-covered altar of Uskayaw.
  8938 | D:8      | Found a flagged portal.
  8998 | Bailey   | Entered a bailey
  9089 | Bailey   | Noticed an orc knight
  9109 | Bailey   | Killed an orc knight
  9109 | Bailey   | Reached **** piety under Vehumet
  9109 | Bailey   | Reached XP level 10. HP: 29/77 MP: 6/19
  9354 | Bailey   | Noticed an orc sorcerer
  9354 | Bailey   | Noticed an orc sorcerer
  9359 | Bailey   | Killed an orc sorcerer
  9359 | Bailey   | Reached skill level 5 in Dodging
  9359 | Bailey   | Killed an orc sorcerer
  9389 | Bailey   | Offered knowledge of Iskenderun's Mystic Blast by Vehumet.
  9395 | Bailey   | Learned a level 4 spell: Iskenderun's Mystic Blast
  9556 | Bailey   | Identified the +5 great sword "Hell-Harrower" {holy, rN++}
  9556 | Bailey   | Identified the cursed +3 hunting sling "Owoplaich" {vorpal,
                  | Str+9 Int+2}
  9662 | Bailey   | Found an iron altar of Okawaru.
  9808 | Bailey   | Acquired a +0 hat of magic resistance
 10398 | D:8      | Paralysed by a hornet for 2 turns
 10880 | D:8      | Noticed a three-headed hydra
 10895 | D:8      | Killed a three-headed hydra
 11093 | D:8      | Found a staircase to the Lair.
 11097 | D:8      | Reached XP level 11. HP: 80/82 MP: 6/22
 11516 | D:8      | Noticed a two-headed ogre
 11543 | D:8      | Killed a two-headed ogre
 12075 | D:9      | Reached ***** piety under Vehumet
 12075 | D:9      | Offered knowledge of Freezing Cloud by Vehumet.
 12212 | Lair:1   | Entered Level 1 of the Lair of Beasts
 12298 | Lair:1   | Reached skill level 1 in Translocations
 12301 | Lair:1   | Reached skill level 1 in Evocations
 13421 | Lair:2   | Found a staircase to the Snake Pit.
 14209 | Lair:2   | Offered knowledge of Hailstorm by Vehumet.
 14594 | Lair:2   | Reached XP level 12. HP: 59/91 MP: 16/25
 16249 | Lair:4   | Found a staircase to the Shoals.
 16252 | Lair:4   | Noticed a death yak
 16257 | Lair:4   | Noticed a death yak
 16258 | Lair:4   | Noticed a death yak
 16260 | Lair:4   | Noticed a death yak
 16271 | Lair:3   | Killed a death yak
 16473 | Lair:4   | Noticed a death yak
 16488 | Lair:3   | Killed a death yak
 16488 | Lair:3   | Reached skill level 5 in Fighting
 16630 | Lair:3   | Killed a death yak
 16633 | Lair:3   | Killed a death yak
 16933 | Lair:3   | Killed a death yak
 17375 | Lair:4   | Noticed an entropy weaver
 17427 | Lair:4   | Noticed an entropy weaver
 17441 | Lair:3   | Killed an entropy weaver
 17893 | Lair:3   | Killed an entropy weaver
 17893 | Lair:3   | Reached skill level 5 in Evocations
 18160 | Lair:4   | Noticed a seven-headed hydra
 18233 | Lair:3   | Killed a seven-headed hydra
 18632 | Lair:4   | Noticed a four-headed hydra
 18665 | Lair:3   | Killed a four-headed hydra
 18960 | Lair:4   | Offered knowledge of Conjure Ball Lightning by Vehumet.
 18960 | Lair:4   | Reached XP level 13. HP: 105/105 MP: 24/26
 19897 | Lair:5   | Found a dark tunnel.
 19909 | Lair:5   | Learned a level 3 spell: Mephitic Cloud
 19914 | Lair:5   | Learned a level 4 spell: Airstrike
 19921 | Lair:5   | Learned a level 5 spell: Lightning Bolt
 19924 | Volcano  | Entered a volcano
 20061 | Volcano  | Reached skill level 1 in Air Magic
 20352 | Volcano  | HP: 4/106 [red devil/+1 trident of flaming (4)]
 20399 | Volcano  | HP: 1/107 [sun demon (24)]
 20399 | Volcano  | Slain by a sun demon

Illustrated notes

Levels and vault maps discovered:
D:1:      matt_arrival_grand_opening, layout_basic
D:2:      layout_loops_ring, nicolae_overflow_hidden_temple,
          chequers_ecumenical_altar_simple_redux, hex_tiny,
          kennysheep_generic_room_9
D:3:      layout_loops_ring, first_ration, yredelemnul_altar_generic, uniq_ijyb
D:4:      layout_basic, uniq_duvessa, uniq_pikel, uniq_crazy_yiuf_cottage
D:5:      layout_loops_ring, lemuel_doored_altar, gup_sewer_entry_spiral,
          serial_shops, nicolae_shop_behind_doors, corexii_hall_statues_l,
          minmay_shop_grid_forest
D:6:      layout_rooms, minmay_temple_entry_waves, serial_shops, shop,
          gammafunk_ghost_gnarly_gnolls, uniq_maggie
D:7:      cheibrodos_fzero, layout_loops_ring, eat_drink_and_be_merry_uskayaw
D:8:      layout_loops_corners, grunt_lair_entry_orc_guard_hut, enter_bailey_6,
          hangedman_ranch [blue_anna_fruit_fields]
D:9:      layout_loops_ring, nicolae_gozag_seed_capital
Temple:   eino_wide_crystal_templ
Lair:1:   layout_roguey [special_room_bee], grunt_megastairs_5
Lair:2:   layout_gridlike, minmay_snake_entry_six_corridors, st_stairs_10,
          disabler_island
Lair:3:   layout_long_grid, serial_bayou_shore_a, serial_bayou_shore_b
Lair:4:   layout_long_grid, minmay_shoals_entry_beasts, minmay_another_anthill
Lair:5:   layout_cave_pods, enter_volcano_4, beast_lair_carwin_11,
          grunt_megastairs_1
Volcano:  volcano_grotto [vgs_trial_by_fire]

Skill      XL: |  1  2  3  4  5  6  7  8  9 10 11 12 13 |
---------------+----------------------------------------+-----
Stealth        | 2 3 4 5 6 7 9 |  9.0
Dodging        | 2 3 4 5 6 8 |  8.6
Conjurations   | 2 4 5 6 7 8 9 |  9.0
Short Blades   | 1 2 3 |  3.0
Shields        | 1 2 3 4 |  4.0
Fire Magic     | 4 5 6 7 8 9 |  9.0
Spellcasting   | 3 4 6 7 9 |  9.0
Fighting       | 1 3 4 7 |  7.7
Translocations | 2 3 |  3.0
Evocations     | 2 5 6 |  6.4
Air Magic      | 1 |  1.6

Action                   |  1- 3 |  4- 6 |  7- 9 | 10-12 | 13-15 || total
-------------------------+-------+-------+-------+-------+-------++-------
Melee: Unarmed           |    15 |       |       |       |       ||    15
       Tailslap          |     4 |     5 |    34 |    21 |       ||    64
       Dagger            |    19 |   125 |   330 |   149 |     4 ||   627
       Staff             |       |       |       |     3 |     2 ||     5
 Fire: Hunting sling     |       |       |    48 |       |       ||    48
Throw: Dart              |       |     1 |       |     3 |       ||     4
 Cast: Foxfire           |    43 |    83 |   126 |   251 |    32 ||   535
       Sticky Flame      |       |       |     9 |    74 |    12 ||    95
       Sandblast         |       |       |    12 |       |    48 ||    60
       Fireball          |       |       |     5 |    32 |     1 ||    38
       Conjure Flame     |       |       |     3 |     7 |       ||    10
       Blink             |       |       |     1 |    33 |     2 ||    36
       Iskenderun's Myst |       |       |       |    19 |       ||    19
       Lightning Bolt    |       |       |       |       |    12 ||    12
 Abil: Breathe Acid      |       |       |       |     4 |       ||     4
Evoke: Wand              |       |       |     5 |       |     6 ||    11
       Staff of energy   |       |       |       |     3 |     3 ||     6
  Use: Potion            |       |     1 |       |       |     1 ||     2
       Scroll            |       |       |    17 |     4 |     2 ||    23
 Stab: Distracted        |     1 |       |       |       |       ||     1
       Sleeping          |       |     3 |     8 |     6 |     2 ||    19
  Eat: Chunk             |     2 |     8 |    19 |    27 |     2 ||    58
       Ration            |       |       |       |     3 |     1 ||     4
Armor: Skin              |     9 |    32 |    60 |    67 |    19 ||   187
Dodge: Dodged            |    21 |    57 |   189 |   204 |    65 ||   536
Block: Buckler           |     4 |    12 |    52 |    68 |    22 ||   158
